AoeStats
← IllusiveJellyfish

Pilgrims

508555924Analyzed
2v2 RM · 8d ago on Sep 23, 2026· 11m 48s· 4 players
Game mode
Random Map
Map size
Medium (4 player)
Population
200
Speed
Normal
Resources
Standard
Victory
Conquest
Starting age
Dark Age
Ending age
Imperial Age
RankedLock teamsTeams togetherTeam positionsShared explorationLock speedFull tech treeHidden civsTurbo modeCheats
Victory
Defeat
🇺🇸 Italians · United States
1172
+17
🇺🇸 Varangians · United States
1172
+17
🇧🇷 Danes · Brazil
1283
-21
🇧🇷 Vietnamese · Brazil
1089
-13
Oomeulbad
3:15 Loom
9:02 Feudal Age
9:33 Double-Bit Axe
IllusiveJellyfish
7:02 Loom
10:43 Feudal Age
10:53 Feudal Age
Stock_br
4:10 Loom
11:49 Feudal Age
frantiescolucas
7:09 Loom
9:46 Feudal Age
Connection lost

Rejoining the realm…

Still unreachable

The connection could not be restored.

Session expired

The server has moved on; the page needs a fresh start.